 Dungeon Crawl Stone Soup version 0.30-a0-365-ge7f957f1db (webtiles) character file.

Game seed: 8190349458727137530

278 Spectrina the Sneak (level 6, -4/36 HPs)
             Began as a Deep Elf Monk on Sept 13, 2022.
             Constricted to death by Ijyb (6 damage)
             ... on level 3 of the Dungeon on Nov 18, 2022.
             The game lasted 00:16:30 (1605 turns).

Spectrina the Sneak (Deep Elf Monk)                 Turns: 1605, Time: 00:16:31

Health: -4/36      AC:  6    Str:  8    XL:     6   Next: 5%
Magic:  13/13      EV:  8    Int: 17    God:
Gold:   112        SH:  0    Dex: 17    Spells: 9/12 levels left

rFire   . . .      SeeInvis .    a - +2 short sword (drain)
rCold   . . .      Faith    .    (no shield)
rNeg    . . .      Spirit   .    m - +0 ring mail
rPois   .          Reflect  .    s - +0 helmet
rElec   .          Harm     .    (no cloak)
rCorr   .          Rampage  .    (no gloves)
Will    .....                    (no boots)
Stlth   +++.......               (no amulet)
HPRegen 0.26/turn                (no ring)
MPRegen 0.13/turn                (no ring)

@: brilliant, grasped by roots, constricted
A: no striking features
a: no special abilities


You were on level 3 of the Dungeon.
You visited 1 branch of the dungeon, and saw 4 of its levels.

You collected 112 gold pieces.

Inventory:

Hand Weapons
 a - a +2 short sword of draining (weapon)
 b - a +0 sling
 l - a +0 rapier
 n - a +0 short sword
 q - a +2 short sword of freezing
Missiles
 o - 9 poisoned darts
Armour
 j - a +0 robe
 m - a +0 ring mail (worn)
 s - a +0 helmet (worn)
 t - the +2 robe "Ruhiff" {Harm Int+7}
   (You took it off a gnoll on level 3 of the Dungeon)

   Int:       It affects your intelligence (+7).
   Harm:      It increases damage dealt and taken.
Scrolls
 e - a scroll of brand weapon {unknown}
 g - 3 scrolls of identify {unknown}
 h - 2 scrolls of blinking {unknown}
 k - 2 scrolls of butterflies {unknown}
 p - a scroll of teleportation {unknown}
Potions
 c - a potion of ambrosia
 d - 2 potions of curing {unknown}
 i - a potion of might
 r - 2 potions of flight {unknown}


   Skills:
 - Level 2.4 Fighting
 - Level 3.0 Short Blades
 - Level 3.6 Dodging
 - Level 6.0 Stealth
 + Level 3.5 Spellcasting
 * Level 0.5 Conjurations
 + Level 3.2 Ice Magic


You had 9 spell levels left.
You knew the following spells:

 Your Spells              Type           Power      Damage    Failure   Level
a - Ozocubu's Armour      Ice            20%        N/A       38%         3

Your spell library contained the following spells:

 Spells                   Type           Power      Damage    Failure   Level
 Iskenderun's Battlesphe  Conj           7%         2d6       100%        5
 Metabolic Englaciation   Hex/Ice        6%         N/A       100%        5
 Iron Shot                Conj/Erth      2%         9d2       100%        6
 Simulacrum               Ice/Necr       6%         N/A       100%        6
 Spellforged Servitor     Conj/Summ      2%         N/A       100%        7


Dungeon Overview and Level Annotations

Branches:
Dungeon (4/15)
 Temple: D:4-7

Altars:

Annotations:
D:3 Ijyb


Message History

You closely miss Ijyb.
Ijyb is lightly wounded.
Ijyb barely misses you.
You hit Ijyb but do no damage. Ijyb hits you but does no damage.
You hit Ijyb.
Ijyb is lightly wounded.
Ijyb hits you with a +0 club.
You closely miss Ijyb.
Ijyb is lightly wounded.
You barely miss Ijyb.
Ijyb is lightly wounded.
Ijyb zaps a wand.
The roots erupt in riotous growth!
The grasping roots grab you!
Ijyb is unaffected.
The grasping roots constrict you.
Unknown command.
You barely miss Ijyb.
Ijyb is lightly wounded.
Ijyb screams, "It's all mine!"
Ijyb hits you with a +0 club. The grasping roots constrict you.
You hit Ijyb but do no damage. You drain Ijyb.
Ijyb is lightly wounded.
Ijyb hits you but does no damage. The grasping roots constrict you.
The grasping roots release their grip on you.
You completely miss Ijyb.
Ijyb is lightly wounded.
Ijyb zaps a wand.
The roots erupt in riotous growth!
The grasping roots grab you!
Ijyb is unaffected.
The grasping roots constrict you.
* * * LOW HITPOINT WARNING * * *
Unknown command.
You hit Ijyb but do no damage. You drain Ijyb.
Ijyb is moderately wounded.
Ijyb closely misses you. The grasping roots constrict you.
* * * LOW HITPOINT WARNING * * *
It was a potion of brilliance.
You feel clever all of a sudden. Ijyb hits you with a +0 club.
* * * LOW HITPOINT WARNING * * *
The grasping roots constrict you.
You die...

## ######### ####### .#
##.......# #########...... .###
#........####.......#...... .'.#
#..........................
.#'####..........................
............#....................
............#####g.............##
............#...@.#.............#
............#.....#.............#
............#.....#......#......#
##....#.....#)....#......##.....#
##...........)...............#'##
##.#.........................#.#
##.#..........).......<......#.#
...#................)........#)#
.......................).....#.#


You could see Ijyb (very drained).

Vanquished Creatures
  A scorpion (D:4)
  A howler monkey (D:2)
  A hound (D:4)
  Robin (D:3)
  3 adders
  6 gnolls (D:3)
  A worm (D:3)
  An orc (D:3)
  3 bats
  An endoplasm (D:3)
  2 giant cockroaches
  9 goblins (D:3)
  5 hobgoblins
  8 jackals
  3 kobolds
  4 ball pythons
  3 frilled lizards
53 creatures vanquished.

Notes
Turn   | Place    | Note
-------+----------+-------------------------------------------
     0 | D:1      | Spectrina the Deep Elf Monk began the quest for the Orb.
     0 | D:1      | Reached XP level 1. HP: 13/13 MP: 3/3
   132 | D:1      | Reached skill level 3 in Stealth
   159 | D:2      | Upgraded the game from 0.30-a0-118-ga018f8e90f to
                  | 0.30-a0-311-gf115ab0292
   293 | D:1      | Upgraded the game from 0.30-a0-311-gf115ab0292 to
                  | 0.30-a0-364-gf6b3ef1049
   329 | D:2      | Reached XP level 2. HP: 10/18 MP: 4/4
   366 | D:2      | Noticed a howler monkey
   381 | D:2      | Killed a howler monkey
   382 | D:2      | Reached skill level 5 in Stealth
   382 | D:2      | Reached XP level 3. HP: 15/22 MP: 5/5
   455 | D:3      | Upgraded the game from 0.30-a0-364-gf6b3ef1049 to
                  | 0.30-a0-365-ge7f957f1db
   696 | D:2      | Reached XP level 4. HP: 25/27 MP: 6/6
   701 | D:2      | Learned a level 3 spell: Ozocubu's Armour
   906 | D:3      | Identified the +2 robe "Ruhiff" {Harm Int+7}
   950 | D:3      | Noticed Robin
   995 | D:3      | Reached skill level 1 in Spellcasting
  1021 | D:3      | Reached skill level 1 in Ice Magic
  1042 | D:3      | Killed Robin
  1199 | D:4      | Reached skill level 6 in Stealth
  1199 | D:4      | Reached XP level 5. HP: 28/31 MP: 8/10
  1495 | D:3      | Reached XP level 6. HP: 26/36 MP: 13/13
  1560 | D:3      | Noticed Ijyb
  1605 | D:3      | Constricted to death by Ijyb

Illustrated notes

Levels and vault maps discovered:
D:1:      scummos_arrival_forest, layout_basic,
          dreamdust_ecumenical_altar_statues
D:2:      layout_basic
D:3:      layout_basic, minmay_diced_spiral, uniq_robin, uniq_terence, uniq_ijyb
D:4:      layout_cave_pools

Skill      XL: |  1  2  3  4  5 |
---------------+----------------+-----
Stealth        | 3 5 6 |  6.0
Spellcasting   | 2 3 |  3.5
Ice Magic      | 2 3 |  3.2
Fighting       | |  2.4
Short Blades   | |  3.0
Dodging        | |  3.6
Conjurations   | |  0.5

Action                   |  1- 3 |  4- 6 || total
-------------------------+-------+-------++-------
Melee: Short sword       |    70 |   166 ||   236
       Punch             |       |     1 ||     1
 Fire: Sling             |     7 |    12 ||    19
Throw: Dart              |       |    18 ||    18
  Use: Potion            |       |     2 ||     2
 Stab: Sleeping          |     6 |     1 ||     7
Armor: Robe              |     5 |       ||     5
       Ring mail         |       |    48 ||    48
Dodge: Dodged            |    43 |    87 ||   130

Table legend: (Time is in decaauts)
 A = Elapsed time spent in this place.
 B = Non-inter-level travel time spent in this place.
 C = Inter-level travel time spent in this place.
 D = Time resting spent in this place.
 E = Time spent auto-exploring this place.
 F = Levels seen in this place.
 G = Mean time per level.
                   A        B        C        D        E       F      G
               +--------+--------+--------+--------+--------+-----+--------+
         Total |   1571 |   1445 |    126 |      0 |      0 |   4 |  392.8 |
       Dungeon |   1571 |   1445 |    126 |      0 |      0 |   4 |  392.8 |
               +--------+--------+--------+--------+--------+-----+--------+

Top non-repeatable levels by time:
     D:3: 687 daAuts
     D:2: 554 daAuts
     D:1: 186 daAuts
     D:4: 142 daAuts
